 Dungeon Crawl Stone Soup version 0.20.0 (webtiles) character file.

178 MatthieuS the Conjurer (level 5, -3/28 HPs)
             Began as a Deep Elf Conjurer on June 18, 2017.
             Slain by Robin
             ... wielding a +0 dagger
              (4 damage)
             ... on level 3 of the Dungeon.
             The game lasted 00:06:52 (2025 turns).

MatthieuS the Conjurer (Deep Elf Conjurer)          Turns: 2025, Time: 00:06:53

Health: -3/28      AC:  5    Str:  6    XL:     5   Next: 32%
Magic:  5/13       EV: 12    Int: 20    God:
Gold:   57         SH:  0    Dex: 15    Spells: 6/13 levels left

rFire    . . .     SeeInvis .   e - +1 dagger (vamp)
rCold    . . .     Gourm    .   (no shield)
rNeg     . . .     Faith    .   r - +0 leather armour
rPois    .         Spirit   .   (no helmet)
rElec    .         Reflect  .   (no cloak)
rCorr    .         Harm     .   (no gloves)
MR       .....                  s - +1 pair of boots
Stlth    ++........             (no amulet)
Regen    0.1/turn               (no ring)
MPRegen  0.2/turn               (no ring)

@: no status effects
A: no striking features
a: no special abilities


You were on level 3 of the Dungeon.
You were not hungry.

You visited 1 branch of the dungeon, and saw 3 of its levels.

You collected 57 gold pieces.

Inventory:

Hand Weapons
 e - a +1 vampiric dagger (weapon)
 h - a +0 dagger
Armour
 a - a +0 robe
 r - a +0 leather armour (worn)
 s - a +1 pair of boots (worn)
Wands
 n - a wand of digging (0/24)
Scrolls
 d - a scroll of magic mapping
 p - 2 scrolls of teleportation
Potions
 g - a potion of magic {unknown}
 k - 2 potions of heal wounds {unknown}
 l - a potion of invisibility {unknown}
 m - a potion of ambrosia {unknown}
 o - a potion of haste {unknown}
 q - a potion of lignification {unknown}
 u - a potion of curing {unknown}
Books
 b - a book of Conjurations

   Spells                             Type                      Level
   a - Magic Dart                     Conjuration                  1
   b - Searing Ray                    Conjuration                  2
   c - Dazzling Spray                 Conjuration/Hexes            3
   d - Fulminant Prism                Conjuration/Hexes            4
   e - Force Lance                    Conjuration/Translocation    4
   f - Iskenderun's Mystic Blast      Conjuration                  4
Comestibles
 f - 9 chunks of flesh
 j - a meat ration


   Skills:
 - Level 2.4 Dodging
 - Level 2.4 Stealth
 + Level 4.6 Spellcasting
 * Level 6.6 Conjurations


You had 6 spell levels left.
You knew the following spells:

 Your Spells              Type           Power        Failure   Level  Hunger
a - Magic Dart            Conj           ####         1%          1    None
b - Searing Ray           Conj           ####..       1%          2    #......
c - Fulminant Prism       Conj/Hex       ###.......   43%         4    ####...


Dungeon Overview and Level Annotations

Branches:
Dungeon (3/15)

Altars:

Annotations:
D:3 Robin


Message History

Aiming: Magic Dart
Press: ? - help, Shift-Dir - straight line, f - goblin
Aim: a goblin, wielding a dagger of electrocution (severely wounded, unusually strong)
The magic dart hits the goblin.
You kill the goblin!
You hit Robin but do no damage.
Robin points. "Kill!"
Robin hits you with a dagger.
* * * LOW HITPOINT WARNING * * *
Robin says, "A pitiful Elf like you will never find the ORB!"
Casting: Magic Dart
Confirm with . or Enter, or press ? or * to list all spells.
Aiming: Magic Dart
Press: ? - help, Shift-Dir - straight line, f - Robin
Aim: Robin, wielding a dagger, wearing an animal skin and wearing a slimy helmet The magic dart hits Robin.
Robin is lightly wounded.
Robin says, "My goblins will feast on your bones."
Robin hits you with a dagger.
You die...

.# ##+# .# ##...##
.#
##.....##########.#
##.......#).g@.....#
#..........###.....#
+..................#
#.....)...####...###
#.......## #..##
##.....## #.##
##...## #÷# ##'# #)#
#) #÷#


You could see Robin.

Vanquished Creatures
  An orc wizard (D:3)
  Natasha (thrice) (D:2)
  An adder (D:2)
  A dart slug (D:1)
  4 leopard geckos
  2 orcs (D:3)
  3 giant cockroaches
  16 goblins
  4 hobgoblins
  4 kobolds
  A quokka (D:2)
  4 bats
  7 frilled lizards
  9 rats
60 creatures vanquished.

Notes
Turn   | Place    | Note
-------+----------+-------------------------------------------
     0 | D:1      | MatthieuS the Deep Elf Conjurer began the quest for the Orb.
     0 | D:1      | Reached XP level 1. HP: 10/10 MP: 6/6
   375 | D:1      | Reached XP level 2. HP: 15/15 MP: 2/8
   395 | D:1      | Learned a level 2 spell: Searing Ray
   599 | D:1      | Reached skill level 5 in Conjurations
   943 | D:1      | Reached XP level 3. HP: 19/19 MP: 7/10
  1326 | D:2      | Noticed Natasha
  1331 | D:2      | Killed Natasha
  1331 | D:2      | Reached XP level 4. HP: 11/24 MP: 6/12
  1569 | D:2      | Noticed Natasha
  1576 | D:2      | Killed Natasha
  1576 | D:2      | Reached skill level 6 in Conjurations
  1656 | D:2      | Learned a level 4 spell: Fulminant Prism
  1706 | D:2      | Noticed Natasha
  1714 | D:2      | Killed Natasha
  1837 | D:3      | Reached XP level 5. HP: 18/28 MP: 3/13
  2004 | D:3      | Noticed Robin
  2023 | D:3      | HP: 1/28 [Robin/dagger (3)]
  2025 | D:3      | Slain by Robin

Skill      XL: |  1  2  3  4 |
---------------+-------------+-----
Conjurations   | 5 6 |  6.6
Spellcasting   | 4 |  4.6
Dodging        | |  2.4
Stealth        | |  2.4

Action                   |  1- 3 |  4- 6 || total
-------------------------+-------+-------++-------
Melee: Dagger            |     3 |     9 ||    12
 Cast: Magic Dart        |    72 |    46 ||   118
  Use: Scroll            |       |     6 ||     6
  Eat: Chunk             |     1 |     1 ||     2
       Fruit             |       |     5 ||     5
       Bread ration      |       |     1 ||     1
Armor: Robe              |     3 |       ||     3
       Leather armour    |     1 |     6 ||     7
Dodge: Dodged            |     7 |     9 ||    16
